 Dungeon Crawl Stone Soup version 0.32-a0-837-g8d3e27d251 (webtiles) character file.

Game seed: 11129726398825695613

103271 AlexRAT the Severer (level 15, -9/147 HPs)
             Began as a Minotaur Berserker on Mar 26, 2024.
             Was a High Priest of Trog.
             Hit by a silver javelin thrown by a merfolk javelineer (14 damage)
             ... on level 4 of the Shoals.
             The game lasted 00:58:43 (26181 turns).

AlexRAT the Severer (Minotaur Berserker)           Turns: 26181, Time: 00:58:44

Health: -9/147     AC: 23    Str: 28    XL:     15   Next: 88%
Magic:  0/14       EV: 14    Int:  4    God:    Trog [*****.]
Gold:   577        SH:  0    Dex: 11    Spells: 14/14 levels left

rFire   + + +        r - +8 frozen axe "Frostbite" {freeze, freezing cloud, *Noise Fly rC+}
rCold   + + .        (shield currently unavailable)
rNeg    + . .        F - +0 chain mail of Inevitability {rF+ Will+ rCorr}
rPois   .            O - +2 hat
rElec   .            C - scarf {rC+ rF+}
rCorr   +            b - +0 pair of gloves
SInv    .            t - +0 pair of boots
Will    +++++        R - amulet of guardian spirit
Stlth   +            g - ring of Lisunil {*Slow Will+ AC+4 Stlth+}
HPRegen 1.44/turn    Q - ring of Vyst {rF+ rN+ Will+ rCorr Stlth+}
MPRegen 0.14/turn

%: slow self (1%), guardian spirit
@: lethally poisoned (-9 -> -10), strong-willed, on berserk cooldown, flying,
regenerating, slowed, very slow
A: horns 2, retaliatory headbutt, sense surroundings 2, MP-powered wands
a: Renounce Religion, Berserk, Trog's Hand, Brothers in Arms


You were on level 4 of the Shoals.
You worshipped Trog.
Trog was extremely pleased with you.
You visited 4 branches of the dungeon, and saw 24 of its levels.
You visited the Abyss 1 time.
You also visited: Sewer and Volcano.

You collected 2193 gold pieces.
You spent 1616 gold pieces at shops.

Inventory:

Hand Weapons
 r - the +8 frozen axe "Frostbite" (weapon) {freeze, freezing cloud, *Noise Fly rC+}
   (You bought it in a shop on level 2 of the Dungeon)

   rC+:       It protects you from cold.
   Fly:       It grants you flight.
   *Noise:    It may make a loud noise when swung.
 H - the +8 war axe "Zexeyshriza" {flame, Str+4}
   (You bought it in a shop on level 2 of the Orcish Mines)

   Str+4:     It affects your strength (+4).
Missiles
 I - 11 javelins (quivered)
 M - a silver javelin
Armour
 b - a +0 pair of gloves (worn)
 t - a +0 pair of boots (worn)
 C - a scarf of resistance (worn)
 D - a +2 ring mail of poison resistance
 F - the +0 chain mail of Inevitability (worn) {rF+ Will+ rCorr}
   (You found it on level 13 of the Dungeon)

   rF+:       It protects you from fire.
   Will+:     It increases your willpower.
   rCorr:     It protects you from acid and corrosion.
 O - a +2 hat (worn)
Jewellery
 g - the ring of Lisunil (left hand) {*Slow Will+ AC+4 Stlth+}
   (You found it on level 6 of the Dungeon)

   [ring of protection]

   AC+4:      It affects your AC (+4).
   Will+:     It increases your willpower.
   *Slow:     It may slow you when you take damage.
   Stlth+:    It makes you more stealthy.
 k - the ring of the Hero {rElec rN+ Str+4 Stlth-}
   (You found it on level 5 of the Lair of Beasts)

   [ring of positive energy]

   Str+4:     It affects your strength (+4).
   rElec:     It insulates you from electricity.
   rN+:       It protects you from negative energy.
   Stlth-:    It makes you less stealthy.
 A - a ring of protection from cold
 Q - the ring of Vyst (right hand) {rF+ rN+ Will+ rCorr Stlth+}
   (You bought it in a shop on level 6 of the Dungeon)

   [ring of willpower]

   rF+:       It protects you from fire.
   rN+:       It protects you from negative energy.
   Will+:     It increases your willpower.
   rCorr:     It protects you from acid and corrosion.
   Stlth+:    It makes you more stealthy.
 R - an amulet of guardian spirit (around neck)
Wands
 e - a wand of digging (7)
 i - a wand of quicksilver (23)
 j - a wand of iceblast (10)
 x - a wand of polymorph (4)
 y - a wand of flame (33)
 J - a wand of paralysis (5)
 P - a wand of mindburst (7)
Scrolls
 c - 4 scrolls of blinking
 d - 2 scrolls of enchant armour
 h - 4 scrolls of fear
 l - 10 scrolls of teleportation
 m - 2 scrolls of poison
 n - 4 scrolls of amnesia
 o - 2 scrolls of revelation
 s - 3 scrolls of enchant weapon
 z - 5 scrolls of immolation
 K - 3 scrolls of fog
 T - a scroll of torment
 U - a scroll of vulnerability
Potions
 a - 3 potions of berserk rage
 f - 8 potions of curing
 p - 6 potions of resistance
 q - a potion of attraction
 u - 2 potions of might
 v - a potion of invisibility
 w - 5 potions of heal wounds
 B - a potion of enlightenment
 E - 3 potions of lignification
 G - 3 potions of haste {unknown}
 L - 4 potions of ambrosia
 N - 3 potions of mutation


   Skills:
 + Level 17.1 Fighting
 + Level 18.5 Axes
 + Level 17.2 Armour
 + Level 15.5 Dodging
 - Level 1.0 Stealth


You had 14 spell levels left.
You didn't know any spells.
Your spell library was empty.

Dungeon Overview and Level Annotations

Branches:
Dungeon (13/15)            Temple (0/1) D:6            Lair (5/5) D:11
 Shoals (4/4) Lair:3       Spider (0/4) Lair:3        Slime (0/5) Lair:5
    Orc (2/2) D:9             Elf (0/3) Orc:2        Vaults (0/5) D:13
  Sewer (visited)         Volcano (visited)

Altars:
Dithmenos
Elyvilon
Hepliaklqana
Okawaru
Qazlal
Sif Muna
Trog
Wu Jian
Xom
Zin
Beogh
Jiyva

Shops:
D:2 *(   D:6 (!=(   D:7 ?   Orc:2 (([(   Shoals:1 :*   Shoals:3 *

Annotations:
Lair:5 3 runed translucent doors, Bamboolord's ghost, journeyman MiBe


Innate Abilities, Weirdness & Mutations

You have a pair of horns on your head.
You reflexively headbutt those who attack you in melee.
You passively map the area around you.
You expend magic power (3 MP) to strengthen your wands.


Message History

* * * LOW HITPOINT WARNING * * *
You barely miss the merfolk.
The merfolk is severely wounded.
You slash the wind drake! You freeze the wind drake. You hit the merfolk.
You freeze the merfolk.
You feel sick.
The merfolk hits you but does no damage.
You are more poisoned.
The merfolk javelineer throws a silver javelin.
The silver javelin pierces through you but does no damage.
The silver sears you!
* * * LOW HITPOINT WARNING * * *
The merfolk hits you but does no damage.
The merfolk hits you from afar with a +0 trident!
* * * LOW HITPOINT WARNING * * *
You slice the wind drake!! You freeze the wind drake.
You hear ice cracking.
The wind drake is almost dead.
You slash the merfolk! You freeze the merfolk.
You kill the merfolk!
Trog accepts your kill.
You hit the merfolk. You freeze the merfolk.
You feel sick.
You hear a shout! x2
The wind drake exhales a fierce blast of wind!
The merfolk javelineer is knocked back by the gust of wind.
The merfolk is knocked back by the gust of wind. x2
The merfolk collides with the merfolk javelineer!
The merfolk javelineer is lightly wounded.
The merfolk is moderately wounded.
You are knocked back by the gust of wind.
You are no longer berserk.
You are exhausted.
You feel yourself slow down.
You feel sick. The merfolk misses you.
You miss the merfolk. You headbutt the merfolk.
The merfolk is severely wounded.
You slice the plant!!
The plant begins to die.
You freeze the plant! You slice the plant!!
The plant begins to die.
You freeze the plant!
You feel sick.
The merfolk javelineer throws a silver javelin.
The silver javelin pierces through you!
You die...

~.~##...##...........~≈≈≈~..~....
~~~~#####..........#.~~~~........
~~~~~...........~...~~~~.........
~~~~~~.........~~~~~~≈~~........~
~~~~~~......)§~~~~P~.~~....####..
~~~~~~~~~~~(~k~mm~....~~..## ..
≈≈~~~~~~~~~~~~~~~~~...~~...# **,.
≈≈≈~~~~~~~~~~~~~~.~~~~~~~...#
≈≈≈≈≈≈≈≈≈≈≈~~~~~@m~PP~~P~~...? ,
≈≈≈≈≈≈≈≈≈≈≈≈~~~PP~~~~~~~~~~~..
≈≈≈≈≈≈≈≈≈≈≈≈≈~~~~~~~~~~~P~~~~~
≈≈≈≈≈≈≈≈≈≈≈≈≈≈P~~~~~P~~~P~P~~ ~
≈≈≈≈≈≈≈≈≈≈≈≈≈≈≈≈≈≈≈~PP~~≈≈≈≈ ~
≈≈≈≈≈≈≈≈≈≈≈≈≈≈≈≈≈≈≈≈≈≈≈≈ ~~ ~
≈≈≈≈≈≈≈≈≈≈≈≈≈≈≈≈≈≈≈≈≈≈≈≈ ~ ~ ~
≈≈≈≈≈≈≈≈≈≈≈≈≈≈≈≈ ~~ ~ ~~ ~ ~ ~


You could see a merfolk javelineer, a wind drake (repels missiles, catching
breath) and 2 merfolk.

Vanquished Creatures
  Jorgrun (D:13)
  A tentacled starspawn (Abyss:2)
  Roxanne (Shoals:2)
  Ilsuiw (Shoals:2)
  A deep elf sorcerer (Abyss:2)
  An orc warlord (Orc:2)
  3 merfolk impalers
  Josephine (D:10)
  A blizzard demon (Abyss:2)
  2 merfolk javelineers
  A vault guard (D:13)
  6 hydras
  2 merfolk avatars
  An ironbound frostheart (D:13)
  3 centaur warriors
  A dancing weapon (Volcano)
  A merfolk aquamancer (Shoals:3)
  A two-headed ogre (D:13)
  2 boulder beetles
  5 death yaks (Lair:5)
  An orc high priest (Orc:2)
  2 occultists (Volcano)
  A wretched star (Abyss:2)
  6 skysharks
  10 sea snakes
  An orb spider (Abyss:2)
  A glowing orange brain (Abyss:2)
  3 orc knights
  3 deep elf pyromancers
  3 harpies
  An obsidian bat (Orc:2)
  2 oklob plants (Lair:4)
  2 orc sorcerers
  4 cyclopes
  8 elephants
  An ugly thing (D:11)
  6 manticores
  A meliai (shapeshifter) (Abyss:2)
  5 toenail golems (Volcano)
  2 gargoyles
  2 black mambas (Lair:5)
  5 merfolk sirens
  5 kobold blastminers
  5 water nymphs
  8 cane toads
  3 unseen horrors
  A large abomination (Abyss:2)
  7 komodo dragons
  4 rime drakes
  An efreet (Abyss:2)
  A troll (D:13)
  6 polar bears
  6 harpy zombies (Shoals:2)
  22 merfolk
  A wind drake (shapeshifter) (Abyss:2)
  4 wind drakes
  Prince Ribbit (D:8)
  2 hornets
  A raiju (Abyss:2)
  6 blink frogs (Lair:4)
  6 slime creatures
  10 dream sheep
  4 snapping turtles
  A ynoxinul (Abyss:2)
  6 wraiths
  A small abomination (Abyss:2)
  8 water elementals
  49 yaks
  9 wyverns
  3 fire bats (Lair:4)
  4 basilisks
  8 humans
  4 wargs
  4 steam dragons
  2 acid dragons
  12 water moccasins
  2 ice beasts
  5 black bears
  32 orc warriors
  2 sky beasts
  A laughing skull (Abyss:2)
  7 ogres
  7 starcursed masses (Abyss:2)
  6 wolves
  2 centaurs
  A phantom (D:4)
  4 kobold brigands (Sewer)
  7 bullfrogs
  2 gnoll sergeants
  2 scorpions
  5 wights
  7 killer bees
  3 electric eels
  4 howler monkeys
  3 bombardier beetles
  3 hounds
  3 jellies
  17 orc priests
  7 iguanas
  2 sleepcaps (D:6)
  Natasha (thrice) (D:2)
  19 orc wizards
  6 hell rats (Lair:2)
  12 gnolls
  6 adders
  2 shadow imps (D:5)
  3 white imps
  10 ufetubi
  3 ribbon worms
  3 dart slugs
  75 orcs
  7 bats
  7 endoplasms
  2 giant cockroaches
  5 goblins
  7 hobgoblins
  4 jackals (D:1)
  3 quokkas
  8 ball pythons
  3 frilled lizards
  18 kobolds
  11 rats
  A starspawn tentacle (Abyss:2)
673 creatures vanquished.

Vanquished Creatures (collateral kills)
  A draconian shifter (Abyss:2)
1 creature vanquished.

Vanquished Creatures (others)
  A starspawn tentacle (Abyss:2)
1 creature vanquished.

Grand Total: 675 creatures vanquished

Notes
Turn   | Place    | Note
-------+----------+-------------------------------------------
     0 | D:1      | AlexRAT the Minotaur Berserker began the quest for the Orb.
     0 | D:1      | Reached XP level 1. HP: 19/19 MP: 0/0
    33 | D:1      | Reached skill level 4 in Axes
    98 | D:1      | Reached XP level 2. HP: 27/27 MP: 1/1
   749 | D:2      | Found Jus Wuyl's Weapon Boutique.
   749 | D:2      | Noticed a +0 demon trident
   750 | D:2      | Noticed a +0 lajatang
   811 | D:2      | Reached XP level 3. HP: 33/33 MP: 2/2
   952 | D:2      | Reached ** piety under Trog
  1151 | D:2      | Found Foicigg's General Store.
  1374 | D:2      | Noticed Natasha
  1382 | D:2      | Killed Natasha
  1383 | D:2      | Reached XP level 4. HP: 20/40 MP: 3/3
  1541 | D:2      | Noticed Natasha
  1549 | D:2      | Killed Natasha
  1550 | D:2      | Reached skill level 5 in Axes
  1670 | D:3      | Reached XP level 5. HP: 28/46 MP: 4/4
  1674 | D:3      | HP: 3/69 [orc/+0 trident (8)]
  1754 | D:3      | Found a glowing drain.
  1761 | Sewer    | Entered a sewer
  2045 | Sewer    | Reached skill level 6 in Axes
  2045 | Sewer    | Reached XP level 6. HP: 37/53 MP: 5/5
  2184 | Sewer    | Reached skill level 5 in Armour
  2476 | D:3      | Found a shadowy altar of Dithmenos.
  2481 | D:3      | Reached *** piety under Trog
  2594 | D:3      | Found a hazy altar of Hepliaklqana.
  2595 | D:3      | Found a shimmering altar of Xom.
  2595 | D:3      | Noticed a yak
  2596 | D:3      | Noticed a spectral ugly thing
  2596 | D:3      | Noticed a yak
  2685 | D:2      | Noticed Natasha
  2690 | D:2      | Killed Natasha
  2691 | D:2      | Reached skill level 5 in Fighting
  2786 | D:4      | Reached XP level 7. HP: 56/61 MP: 6/6
  3210 | D:4      | Found a glowing silver altar of Zin.
  3353 | D:5      | Entered Level 5 of the Dungeon
  3361 | D:5      | Reached skill level 7 in Axes
  3844 | D:5      | Reached XP level 8. HP: 33/70 MP: 7/7
  3994 | D:5      | Reached skill level 8 in Axes
  4167 | D:5      | Found a stormy altar of Qazlal.
  4176 | D:5      | Found an iron altar of Okawaru.
  4292 | D:5      | Found a shimmering blue altar of Sif Muna.
  4587 | D:6      | Reached skill level 1 in Stealth
  4645 | D:6      | Reached skill level 9 in Axes
  4715 | D:6      | Found Nach's Antique Weapon Boutique.
  4718 | D:6      | Found a staircase to the Ecumenical Temple.
  4747 | D:6      | Reached skill level 5 in Dodging
  4942 | D:6      | Found Xideonud's Jewellery Shoppe.
  4987 | D:6      | Reached skill level 10 in Axes
  4987 | D:6      | Reached XP level 9. HP: 55/78 MP: 8/8
  5084 | D:6      | Identified the ring of Lisunil {*Slow Will+ AC+4 Stlth+}
  5087 | D:6      | Found Duwodam's Antique Weapon Boutique.
  5251 | D:6      | Reached **** piety under Trog
  5337 | D:6      | Found Orup's Distillery.
  5632 | D:7      | Noticed a boulder beetle
  5646 | D:7      | Killed a boulder beetle
  5649 | D:7      | Reached skill level 11 in Axes
  5831 | D:7      | Found a white marble altar of Elyvilon.
  6034 | D:7      | Found an ornate altar of the Wu Jian Council.
  6160 | D:7      | Found Telope Adali's Magic Scroll Shoppe.
  6508 | D:8      | Noticed Prince Ribbit
  6543 | D:8      | Killed Prince Ribbit
  6544 | D:8      | Reached XP level 10. HP: 27/90 MP: 9/9
  7921 | D:9      | Reached skill level 12 in Axes
  8287 | D:9      | Found a staircase to the Orcish Mines.
  8614 | D:10     | Entered Level 10 of the Dungeon
  8614 | D:10     | Noticed Josephine
  8776 | D:10     | Reached ***** piety under Trog
  8777 | D:10     | Reached skill level 10 in Armour
  8859 | D:10     | Found a bloodstained altar of Trog.
  8903 | D:10     | Noticed a deep elf pyromancer
  8908 | D:10     | Killed a deep elf pyromancer
  8909 | D:10     | Reached skill level 10 in Fighting
  8942 | D:10     | Reached XP level 11. HP: 45/99 MP: 10/10
  9261 | D:10     | Killed Josephine
  9478 | D:10     | Reached skill level 13 in Axes
  9949 | D:11     | Found a staircase to the Lair.
 10535 | D:11     | Noticed a brown ugly thing
 10544 | D:11     | Killed a brown ugly thing
 11099 | D:12     | Reached skill level 10 in Dodging
 11253 | D:12     | Noticed a boulder beetle
 11261 | D:12     | Killed a boulder beetle
 11267 | D:12     | Gained mutation: You are dopey. (Int -2) [potion of
                  | mutation]
 11267 | D:12     | Gained mutation: Armour fits poorly on your strangely
                  | shaped body. [potion of mutation]
 11267 | D:12     | Gained mutation: Your spells are a little harder to cast,
                  | but a little more powerful. [potion of mutation]
 11267 | D:12     | Gained mutation: You have hidden genetic potential. [potion
                  | of mutation]
 11268 | D:12     | Lost mutation: You have hidden genetic potential. [potion
                  | of mutation]
 11268 | D:12     | Lost mutation: Your spells are a little harder to cast, but
                  | a little more powerful. [potion of mutation]
 11268 | D:12     | Gained mutation: Your movements are slightly less
                  | encumbered by armour. (ER -2) [potion of mutation]
 11268 | D:12     | Gained mutation: Your flesh is cold resistant. (rC+)
                  | [potion of mutation]
 11269 | D:12     | Lost mutation: You are dopey. (Int -2) [potion of mutation]
 11269 | D:12     | Lost mutation: Your flesh is cold resistant. (rC+) [potion
                  | of mutation]
 11269 | D:12     | Lost mutation: Armour fits poorly on your strangely shaped
                  | body. [potion of mutation]
 11269 | D:12     | Gained mutation: You have a pair of large horns on your
                  | head. [potion of mutation]
 11269 | D:12     | Lost mutation: Your movements are slightly less encumbered
                  | by armour. (ER -2) [potion of mutation]
 11270 | D:12     | Lost mutation: You have a pair of large horns on your head.
                  | [potion of mutation]
 11270 | D:12     | Gained mutation: You are covered in fur. (AC +1) [potion of
                  | mutation]
 11270 | D:12     | Gained mutation: Armour fits poorly on your strangely
                  | shaped body. [potion of mutation]
 11270 | D:12     | Gained mutation: You are robust. (+10% HP) [potion of
                  | mutation]
 11271 | D:12     | Lost mutation: You are robust. (+10% HP) [potion of
                  | mutation]
 11271 | D:12     | Lost mutation: Armour fits poorly on your strangely shaped
                  | body. [potion of mutation]
 11271 | D:12     | Lost mutation: You are covered in fur. (AC +1) [potion of
                  | mutation]
 11271 | D:12     | Gained mutation: A frigid envelope surrounds you and
                  | freezes all who hurt you. [potion of mutation]
 11271 | D:12     | Gained mutation: Your mind is acute. (Int +4, Str/Dex -1)
                  | [potion of mutation]
 11271 | D:12     | Gained mutation: Your mind is very acute. (Int +8, Str/Dex
                  | -2) [potion of mutation]
 11484 | D:12     | Noticed a deep elf pyromancer
 11490 | D:12     | Killed a deep elf pyromancer
 11491 | D:12     | Reached XP level 12. HP: 110/110 MP: 11/11
 11784 | D:12     | Reached skill level 14 in Axes
 11926 | Orc:1    | Entered Level 1 of the Orcish Mines
 12109 | Orc:2    | Entered Level 2 of the Orcish Mines
 12489 | Orc:2    | Found a roughly hewn altar of Beogh.
 12761 | Lair:1   | Entered Level 1 of the Lair of Beasts
 13963 | Lair:2   | Identified the +3 great sword of Checks and Balances
                  | {heavy, Str+6 Stlth-} (Trog gifted it to you on level 2 of
                  | the Lair of Beasts)
 13963 | Lair:2   | Received a gift from Trog
 14178 | D:2      | Bought the +8 frozen axe "Frostbite" {freeze, freezing
                  | cloud, *Noise Fly rC+} for 706 gold pieces
 14178 | D:2      | Found the +8 frozen axe "Frostbite" {freeze, freezing
                  | cloud, *Noise Fly rC+}
 14815 | Lair:2   | Reached skill level 15 in Axes
 15236 | Lair:3   | Reached XP level 13. HP: 122/122 MP: 12/12
 15308 | Lair:3   | Found a hole to the Spider Nest.
 15526 | Lair:3   | Found a staircase to the Shoals.
 16040 | Lair:4   | Found a dark tunnel.
 16060 | Volcano  | Entered a volcano
 16234 | Abyss:2  | Cast into level 2 of the Abyss (an occultist)
 16267 | Abyss:2  | Noticed a starcursed mass
 16282 | Abyss:2  | Paralysed by accursed screaming for 1 turns
 16288 | Abyss:2  | Received a gift from Trog
 16337 | Abyss:2  | Noticed a starcursed mass
 16387 | Abyss:2  | Reached skill level 16 in Axes
 16396 | Abyss:2  | Noticed a purple draconian shifter
 16399 | Abyss:2  | Noticed a starcursed mass
 16435 | Abyss:2  | Killed a purple draconian shifter
 16472 | Abyss:2  | Noticed a tentacled starspawn
 16475 | Abyss:2  | Killed a tentacled starspawn
 16496 | Abyss:2  | Noticed a starcursed mass
 16732 | Abyss:2  | Noticed a blizzard demon
 16736 | Abyss:2  | Killed a blizzard demon
 16737 | Abyss:2  | Noticed a deep elf sorcerer
 16749 | Abyss:2  | Killed a deep elf sorcerer
 16750 | Abyss:2  | Reached XP level 14. HP: 130/133 MP: 13/13
 16756 | Volcano  | Escaped the Abyss
 17170 | Lair:4   | Identified the maw talisman "Edaenul" {rF+++ Will- rCorr
                  | SInv}
 17763 | Lair:5   | Entered Level 5 of the Lair of Beasts
 17773 | Lair:5   | Reached skill level 15 in Armour
 17817 | Lair:5   | Noticed Bamboolord's ghost (journeyman MiBe)
 17827 | Lair:5   | Found a runed translucent gate.
 17827 | Lair:5   | Found a runed translucent gate.
 17828 | Lair:5   | Found a runed translucent gate.
 17859 | Lair:5   | Reached skill level 15 in Fighting
 18021 | Lair:5   | Identified the +4 trident of Fortitude {antimagic, rC-
                  | Int+6}
 18026 | Lair:5   | Identified the +0 leather armour of Dithmenos's Regard
                  | {Rampage Regen+ Str+3}
 18043 | Lair:5   | Reached skill level 17 in Axes
 18085 | Lair:5   | Identified the +7 rapier of Light {venom, rC+ rCorr Str-5}
 18169 | Lair:5   | Identified the ring of the Hero {rElec rN+ Str+4 Stlth-}
 18262 | Lair:5   | Found a staircase to the Slime Pits.
 18265 | Lair:5   | Found a viscous altar of Jiyva.
 19235 | D:13     | Noticed Jorgrun
 19244 | D:13     | Killed Jorgrun
 19270 | D:13     | Reached ****** piety under Trog
 19329 | D:13     | Identified the +0 chain mail of Inevitability {rF+ Will+
                  | rCorr}
 19781 | D:13     | Found a gate to the Vaults.
 19991 | Orc:2    | Found a roughly hewn altar of Beogh.
 19995 | Orc:2    | Received a gift from Trog
 20137 | Orc:2    | Found a staircase to the Elven Halls.
 20217 | Orc:2    | Found a roughly hewn altar of Beogh.
 20415 | Orc:2    | Found a roughly hewn altar of Beogh.
 20416 | Orc:2    | Found Ifyne's Weapon Shoppe.
 20557 | Orc:2    | Found a roughly hewn altar of Beogh.
 20561 | Orc:2    | Reached XP level 15. HP: 130/143 MP: 14/14
 20637 | Orc:2    | Found Bostrut's Antique Armour Boutique.
 20640 | Orc:2    | Found a roughly hewn altar of Beogh.
 20641 | Orc:2    | Received a gift from Trog
 20746 | Orc:2    | Found Ucwes's Antique Weapon Shop.
 20751 | Orc:2    | Bought a translucent war axe for 136 gold pieces
 20751 | Orc:2    | Identified the +8 war axe "Zexeyshriza" {flame, Str+4} (You
                  | bought it in a shop on level 2 of the Orcish Mines)
 20833 | Orc:2    | Found a roughly hewn altar of Beogh.
 20854 | Orc:2    | Found Qonaox's Weapon Shoppe.
 21019 | D:6      | Bought the ring of Vyst {rF+ rN+ Will+ rCorr Stlth+} for
                  | 774 gold pieces
 21226 | Shoals:1 | Entered Level 1 of the Shoals
 21226 | Shoals:1 | Found Anoexuto's Alliterative Accessories.
 21315 | Shoals:1 | Found Xauh's Book Emporium.
 22376 | Shoals:1 | Lost mutation: A frigid envelope surrounds you and freezes
                  | all who hurt you. [potion of mutation]
 22376 | Shoals:1 | Lost mutation: Your mind is very acute. (Int +8, Str/Dex
                  | -2) [potion of mutation]
 22376 | Shoals:1 | Lost mutation: Your mind is acute. (Int +4, Str/Dex -1)
                  | [potion of mutation]
 22376 | Shoals:1 | Gained mutation: You expend magic power (3 MP) to
                  | strengthen your wands. [potion of mutation]
 22376 | Shoals:1 | Gained mutation: You passively map a small area around you.
                  | [potion of mutation]
 22376 | Shoals:1 | Gained mutation: You passively map the area around you.
                  | [potion of mutation]
 22457 | Shoals:2 | Noticed Ilsuiw
 23080 | Shoals:2 | Noticed Roxanne
 23115 | Shoals:2 | Killed Ilsuiw
 23116 | Shoals:2 | Reached skill level 18 in Axes
 23516 | Shoals:2 | Reached skill level 15 in Dodging
 23913 | Shoals:2 | Killed Roxanne
 23913 | Shoals:2 | Received a gift from Trog
 24475 | Shoals:3 | Identified the granite talisman "Xenayr" {Will++ Int+2}
 24666 | Shoals:3 | HP: 2/146 [merfolk/+0 trident (10)]
 25216 | Shoals:3 | Found Ahahautt's General Store.
 25594 | Shoals:4 | Entered Level 4 of the Shoals
 26169 | Shoals:4 | HP: 5/147 [merfolk javelineer/silver javelin (4)]
 26178 | Shoals:4 | HP: 10/220 [merfolk/+0 trident[a merfolk javelineer] (6)]
 26181 | Shoals:4 | Hit by a silver javelin thrown by a merfolk javelineer

Illustrated notes

Levels and vault maps discovered:
D:1:      roadster_arrival_rocket_large, layout_basic, nrook_mini_backslash,
          minmay_indecisive_spiral
D:2:      layout_loops_ring, serial_shops, nicolae_shop_mannequins, shop,
          grunt_decor_fettered, guppyfry_early_orc_mine, uniq_natasha
D:3:      layout_rooms, regret_index_temple_of_mockery,
          mainiacjoe_overflow_24_doors, portal_sewer_entry_c
D:4:      layout_cave_pools, mainiacjoe_overflow_surrounded_room
D:5:      layout_cave_pools, mainiacjoe_overflow_brackets,
          mainiacjoe_overflow_swirl, amcnicky_mini_pool_small
D:6:      layout_rooms, minmay_temple_entry_large_hall, serial_shops,
          nicolae_shop_just_a_little_nook, shop_fountains, shop_statue, shop,
          kennysheep_generic_room_8
D:7:      layout_basic, lemuel_round_altar, nicolae_elyvilon_peaceful_grove,
          serial_shops, shop_scrolls
D:8:      layout_loops_cross, grunt_ministairs_12, uniq_prince_ribbit1
D:9:      layout_basic, minmay_orc_entry_guard_dogs
D:10:     layout_irregular_city, mainiacjoe_overflow_concentric_impassable,
          uniq_josephine
D:11:     layout_loops_cross, minmay_lair_entry_grove
D:12:     layout_roguey
D:13:     layout_roguey, hellmonk_vaults_keyhole, uniq_jorgrun
Lair:1:   wander_river, layout_cave_pods, chequers_serial_rivers_small_3
Lair:2:   layout_loops_ring, infiniplex_staircase_pool_2, grunt_megastairs_4,
          serial_bayou_shore_a
Lair:3:   layout_roguey, nicolae_shoals_entry_roost, spider_nest_entry_web_field
Lair:4:   layout_roguey, nicolae_volcano_entry_batcave, serial_bayou_pond_b
Lair:5:   gammafunk_lair_ancient_temple, layout_hall_layers,
          minmay_slime_entry_pillars, gammafunk_ghost_split
Shoals:1: layout_shoals, serial_shops, nicolae_book_shop_shelving,
          nicolae_alphabet_shops
Shoals:2: layout_shoals, nicolae_shoals_undead_eyrie, uniq_roxanne, uniq_ilsuiw
Shoals:3: layout_shoals, serial_shops, nicolae_square_shop,
          nicolae_shoals_nymph_descending_staircase
Shoals:4: shoals_end_simple, layout_shoals, uniq_bai_suzhen
Orc:1:    layout_caves, sword_in_stone
Orc:2:    grunt_orc_community_town_hall, layout_diamond_mine,
          grunt_orc_community_big_house_2, grunt_orc_community_big_house_1,
          grunt_orc_community_house_3, grunt_orc_community_house_2,
          grunt_orc_community_house_1, grunt_orc_community_house_2,
          grunt_orc_community_house_3, grunt_orc_community_house_3

Skill      XL: |  1  2  3  4  5  6  7  8  9 10 11 12 13 14 15 |
---------------+----------------------------------------------+-----
Axes           | 4 5 6 7 10 11 12 13 15 16 17 18 | 18.5
Armour         | 3 4 5 6 7 8 10 11 13 14 16 17 | 17.2
Fighting       | 4 5 6 8 10 11 13 14 15 17 | 17.1
Dodging        | 3 4 5 6 8 10 11 13 14 15 | 15.5
Stealth        | 1 |  1.0

Action                     |  1- 3 |  4- 6 |  7- 9 | 10-12 | 13-15 || total
---------------------------+-------+-------+-------+-------+-------++-------
  Melee: Hand axe          |    77 |   135 |   256 |       |       ||   468
         Headbutt          |     8 |    25 |    58 |    74 |   114 ||   279
         Halberd           |       |       |    91 |   423 |       ||   514
         Executioner's axe |       |       |       |    41 |   583 ||   624
 Invoke: Berserk           |     1 |     1 |     4 |     5 |     5 ||    16
         Trog's Hand       |       |     1 |       |     3 |    10 ||    14
         Brothers in Arms  |       |       |       |       |     1 ||     1
    Use: Scroll            |       |       |    11 |     6 |    10 ||    27
         Potion            |       |       |       |     5 |     8 ||    13
   Stab: Sleeping          |       |       |       |     9 |     3 ||    12
         Distracted        |       |       |       |     1 |     2 ||     3
 Armour: Animal skin       |    20 |       |       |       |       ||    20
         Ring mail         |    30 |   106 |   300 |   446 |   197 ||  1079
         Skin              |       |       |       |       |     1 ||     1
         Chain mail        |       |       |       |       |   403 ||   403
  Dodge: Dodged            |    43 |    64 |   226 |   441 |   533 ||  1307

Table legend: (Time is in decaauts)
 A = Elapsed time spent in this place.
 B = Non-inter-level travel time spent in this place.
 C = Inter-level travel time spent in this place.
 D = Time resting spent in this place.
 E = Time spent auto-exploring this place.
 F = Levels seen in this place.
 G = Mean time per level.
                   A        B        C        D        E       F      G
               +--------+--------+--------+--------+--------+-----+--------+
         Total |  26611 |  24773 |   1838 |   3861 |  16438 |  27 |  985.6 |
       Dungeon |  13156 |  11880 |   1276 |   1308 |   8697 |  13 | 1012.0 |
          Lair |   5109 |   4790 |    319 |    240 |   3704 |   5 | 1021.8 |
        Shoals |   4986 |   4808 |    178 |   1751 |   2361 |   4 | 1246.5 |
  Orcish Mines |   1831 |   1768 |     63 |    231 |   1173 |   2 |  915.5 |
         Abyss |    557 |    557 |      0 |    223 |      0 |   1 |  557.0 |
         Sewer |    593 |    593 |      0 |     70 |    363 |   1 |  593.0 |
       Volcano |    378 |    378 |      0 |     38 |    139 |   1 |  378.0 |
               +--------+--------+--------+--------+--------+-----+--------+

Top non-repeatable levels by time:
Shoals:2: 1745 daAuts
    D:10: 1671 daAuts
Shoals:1: 1655 daAuts
     D:8: 1402 daAuts
   Orc:2: 1284 daAuts
Shoals:3: 1284 daAuts
  Lair:1: 1210 daAuts
     D:7: 1158 daAuts
     D:9: 1099 daAuts
  Lair:5: 1098 daAuts
     D:5: 1074 daAuts
  Lair:2: 1043 daAuts
  Lair:4: 972 daAuts
    D:11: 972 daAuts
     D:2: 969 daAuts
